 Dungeon Sprint DCSS version 0.18-a0-1078-gebb93d0 (webtiles) character file.

320191 ahoge the Skullcrusher (level 20, -37/172 HPs)
             Began as a Gargoyle Fighter on Jan 14, 2016.
             Was a High Priest of Okawaru.
             Killed from afar by an orb of fire (44 damage)
             ... with a bolt of fire
             ... in the Dungeon (Sprint IX: "|||||||||||||||||||||||||||||") on Jan 15, 2016.
             The game lasted 01:14:35 (6714 turns).

ahoge the Skullcrusher (Gargoyle Fighter)           Turns: 6714, Time: 01:14:36

Health: -37/172    AC: 48    Str: 23      XL:     20   Next: 1%
Magic:  8/42       EV: 30    Int:  8 (9)  God:    Okawaru [*****.]
Gold:   1007       SH: 28    Dex: 24      Spells: 0 memorised, 19 levels left

rFire  . . .     SeeInvis .     S - +8 mithril axe "Arga" {speed, MR+ Str+2}
rCold  . . .     Gourm    .     T - +5 chain mail "Oqese" {rElec rPois rN+ Regen+}
rNeg   + + .     Faith    .     N - +1 large shield {AC+3}
rPois  ∞         Spirit   .     (helmet restricted)
rElec  +         Dismiss  .     s - +1 cloak
rCorr  .         Reflect  .     r - +0 pair of gloves {Dex+3}
SustAt .         Harm     .     M - +2 pair of boots {Stlth+}
MR     ++++.     Clarity  +     H - necklace of Bloodlust {*Rage +Rage MR+ Str+2 Int-2 Slay+3 *Curse}
Stlth  +++++..... NoTele   +    Y - +6 ring of dexterity
                                J - ring "Zuith" {rF- MR+ MP+9 Slay+2}

@: heroism, finesse, flying, incredibly resistant to hostile enchantments, quite
stealthy
A: big wings, horns 1, talons 1, icy blue scales 1, blurry vision 1, clarity,
deterioration 1, fire resistance 1, low mp 1, negative energy resistance 1,
robust 1, electricity resistance, weak 1, unbreathing, petrification resistance,
rot immunity, subdued magic 1, AC +15
a: Stop Flying, Heroism, Finesse, Renounce Religion, Evoke Berserk Rage
}: 5/15 runes: decaying, serpentine, barnacled, silver, gossamer


You were in the Dungeon.
You worshipped Okawaru.
Okawaru was extremely pleased with you.
You were not hungry.

You visited 1 branch You collected 1970 gold pieces.
You spent 963 gold pieces at shops.

Inventory:

Hand Weapons
 a - the +1 demon whip of the Lamprey {elec, rPois Dex+3}
   (You found it in the Dungeon)

   Occasionally, upon striking a foe, it will discharge some electrical energy
   and cause terrible harm.
   It affects your dexterity (+3).
   It protects you from poison.
 h - the +11 morningstar "Eos" {elec, -Tele rElec SInv}
   (You found it in the Dungeon)

   Occasionally, upon striking a foe, it will discharge some electrical energy
   and cause terrible harm.
   It insulates you from electricity.
   It lets you see invisible.
   It prevents most forms of teleportation.
 R - the +11 demon blade of Death's Door {freeze, Int+6}
   (Okawaru gifted it to you in the Dungeon)

   It has been specially enchanted to freeze those struck by it, causing extra
   injury to most foes and up to half again as much damage against particularly
   susceptible opponents.
   It can also slow down cold-blooded creatures.
   It affects your intelligence (+6).
 S - the +8 mithril axe "Arga" (weapon) {speed, MR+ Str+2}
   (You found it in the Dungeon)

   Attacks with this weapon are significantly faster.
   It affects your strength (+2).
   It affects your resistance to hostile enchantments.
 V - the +5 great mace of the Horn {crush, rC+ Str+4 Int-5}
   (You found it in the Dungeon)

   It inflicts extra damage upon your enemies.
   It affects your strength (+4).
   It affects your intelligence (-5).
   It protects you from cold.
 W - the +5 demon whip of Ashenzari's Approval {flame, *Corrode +Inv Str+6}
   (You found it in the Dungeon)

   It has been specially enchanted to burn those struck by it, causing extra
   injury to most foes and up to half again as much damage against particularly
   susceptible opponents.
   It affects your strength (+6).
   It lets you turn invisible.
   It may corrode your equipment when you take damage.
Armour
 r - a +0 pair of gloves of dexterity (worn)
 s - a +1 cloak (worn)
 u - the +0 helmet "Ged Leb" {rF+}
   (You found it in the Dungeon)

   It protects you from fire.
 B - a +0 helmet of see invisible
 E - the +3 hat of Pondering {ponderous, MR+ MP+10 Int+5}
   (You took it off Gastronok in the Dungeon)

   It affects your intelligence (+5).
   It affects your resistance to hostile enchantments.
   It affects your magic capacity (+10).
 I - the +3 shadow dragon armour "Dane" {-Tele MR- rCorr MP+9 Stlth++++}
   (You found it in the Dungeon)

   It affects your resistance to hostile enchantments.
   It affects your magic capacity (+9).
   It prevents most forms of teleportation.
   It protects you from acid and corrosion.
   It makes you much more stealthy.
 K - the +0 gold dragon armour of the Centipede {rPois rF+ rC+ MP+9 Dex+5}
   (You found it in the Dungeon)

   It affects your dexterity (+5).
   It protects you from fire.
   It protects you from cold.
   It protects you from poison.
   It affects your magic capacity (+9).
 M - a +2 pair of boots of stealth (worn)
 N - a +1 large shield of protection (worn)
 T - the +5 chain mail "Oqese" (worn) {rElec rPois rN+ Regen+}
   (Okawaru gifted it to you in the Dungeon)

   It insulates you from electricity.
   It protects you from poison.
   It protects you from negative energy.
   It increases your rate of regeneration.
 X - the +27 Lear's hauberk
   (You found it in the Dungeon)
Jewellery
 b - the ring "Zeuno" {Fire +Inv rPois Str-3 Slay+2}
   (You found it in the Dungeon)

   [ring of fire]

   It enhances your fire magic, and weakens your ice magic.
   It affects your strength (-3).
   It affects your accuracy and damage with ranged weapons and melee attacks
   (+2).
   It protects you from fire.
   It makes you vulnerable to cold.
   It protects you from poison.
   It lets you turn invisible.
 p - the ring of Devotion {rN+ AC+3}
   (You found it in the Dungeon)

   [ring of protection]

   It affects your AC (+3).
   It protects you from negative energy.
 q - the amulet of Moiptoeq {*Corrode rN+ Regen+ Int+4 Dex+2}
   (You found it in the Dungeon)

   [amulet of regeneration]

   It affects your intelligence (+4).
   It affects your dexterity (+2).
   It protects you from negative energy.
   It increases your rate of regeneration.
   It may corrode your equipment when you take damage.
 G - the amulet "Ogytseeg" {Spirit rF++}
   (You found it in the Dungeon)

   [amulet of guardian spirit]

   It causes incoming damage to be split between your health and magic.
   It greatly protects you from fire.
 H - the necklace of Bloodlust (around neck) {*Rage +Rage MR+ Str+2 Int-2 Slay+3 *Curse}
   (You bought it in a shop in the Dungeon)

   [amulet of rage]

   It affects your strength (+2).
   It affects your intelligence (-2).
   It affects your accuracy and damage with ranged weapons and melee attacks
   (+3).
   It affects your resistance to hostile enchantments.
   It lets you go berserk.
   It may make you go berserk in combat.
   It may re-curse itself when equipped.
 J - the ring "Zuith" (left hand) {rF- MR+ MP+9 Slay+2}
   (You found it in the Dungeon)

   [ring of magical power]

   It affects your accuracy and damage with ranged weapons and melee attacks
   (+2).
   It makes you vulnerable to fire.
   It affects your resistance to hostile enchantments.
   It affects your magic capacity (+9).
 L - the amulet "Ellelup" {Dismiss Dex+2}
   (You found it in the Dungeon)

   [amulet of dismissal]

   It may teleport away creatures that harm you.
   It affects your dexterity (+2).
 Y - a +6 ring of dexterity (right hand)
Wands
 c - a wand of heal wounds (3/9)
 d - a wand of polymorph (12/24)
 n - a wand of hasting (5/9)
 o - a wand of draining (7/15)
 Q - a wand of disintegration (8/24)
Scrolls
 k - 4 scrolls of blinking
 m - 4 scrolls of remove curse
 w - 2 scrolls of enchant armour
 x - 3 scrolls of fear
 D - 2 scrolls of recharging
 P - a scroll of fog
Potions
 e - 7 potions of curing
 g - 9 potions of heal wounds
 i - 4 potions of magic
 l - a potion of invisibility
 t - 3 potions of brilliance
 F - a potion of agility
 O - a potion of haste
 U - a potion of berserk rage
 Z - a potion of resistance
Miscellaneous
 v - a crystal ball of energy
Comestibles
 f - 15 bread rations
 j - 8 chunks of flesh
 z - 34 fruits
 A - 12 meat rations


   Skills:
 O Level 27 Fighting
 + Level 25.5(27) Axes
 O Level 27 Maces & Flails
 + Level 16.0(21.0) Armour
 + Level 18.7(23.7) Dodging
 + Level 14.0(19.0) Stealth
 O Level 27 Shields
 + Level 26.5 Invocations


You had 19 spell levels left.
You didn't know any spells.

Dungeon Overview and Level Annotations

Branches:
Dungeon (1/1)

Altars:
Cheibriados
Dithmenos
Elyvilon
Fedhas
Gozag
Kikubaaqudgha
Makhleb
Nemelex Xobeh
Okawaru
Pakellas
Qazlal
Ru
Sif Muna
Trog
Vehumet
Xom
Yredelemnul
Zin
The Shining One
Beogh
Jiyva
Lugonu

Shops:
D **!=

Annotations:
D Boris


Innate Abilities, Weirdness & Mutations

You are resistant to torment.
Your stone body is resilient (AC +15).
You are immune to poison.
Your large and strong wings let you fly indefinitely.
You resist negative energy.
You are resistant to electric shocks.
You can survive without breathing.
You are immune to petrification.
You are immune to rotting.
You have a pair of small horns on your head.
You have sharp toenails.
You are partially covered in icy blue scales (AC +1).
Scrolls take you a little longer to read.
You possess an exceptional clarity of mind.
Your body sometimes deteriorates upon taking damage.
Your flesh is heat resistant.
Your magical capacity is low (-10% MP).
You are robust (+10% HP).
You are weak. (Str -2)
Your spells are a little easier to cast, but a little less powerful.


Message History

Deactivating autopickup; reactivate with Ctrl-A.
You hear a shout!
You are too injured to fight recklessly!
Drink which item? (? for menu, Esc to quit)
You feel much better.
The orb of fire glows deep purple.
The fireball explodes!
The fireball engulfs you!
The fireball engulfs the orb of fire.
The orb of fire completely resists.
You hear some strange, mumbled words.
The orb of fire glows yellow.
The fireball explodes!
The fireball engulfs you!
* * * LOW HITPOINT WARNING * * *
The fireball engulfs the orb of fire.
The orb of fire completely resists.
Read which item? (? for menu, Esc to quit)
Really read with blurry vision while enemies are nearby?
Okay, then.
The orb of fire glows deep purple.
The bolt of fire hits the orb of fire.
The orb of fire completely resists.
The bolt of fire hits you!
You die...

[♣.▓)▓.▓=▓.▓)▓.▓.▓
.♣.▓)▓.▓.▓.▓.▓.▓'▓
†♣.▓)▓.▓[▓.▓[▓.▓.▓
.♣.▓)▓.▓.▓.▓.▓.▓'▓
.♣.▓)▓.▓[▓.▓.▓.▓.▓
.♣.▓)▓.▓.▓.▓.▓.▓'▓
.♣.▓.▓.▓.▓.▓'▓.▓.▓
'▓.▓.▓.▓[▓.▓)▓.▓'▓
%▓.▓+▓.▓[▓.▓[▓.▓@▓
.▓.▓[▓.▓.▓.▓.▓.▓*▓
%▓.▓(▓.▓.▓.▓.▓.▓*▓
%▓.▓)▓.▓.▓.▓.▓.▓.▓
.▓.▓)▓.▓.▓.▓.▓.▓D▓
.▓.▓)▓.▓.▓.▓.▓.▓1▓
†▓.▓.▓.▓.▓.▓.▓.▓.▓
.▓.▓.▓.▓.▓.▓'▓.▓.▓
%▓.▓%▓.▓.▓.▓.▓.▓8▓


You could see 2 orbs of fire, a shadow dragon and an Executioner.

Vanquished Creatures
  2 orbs of fire (D)
  An ancient lich (D)
  Mara (D)
  Mennas (D)
  Frederick (D)
  A curse toe (D)
  A Killer Klown (D)
  4 golden dragons (D)
  A bone dragon (D)
  Xtahua (D)
  An electric golem (D)
  3 tentacled monstrosities (D)
  16 Orb Guardians (D)
  Gastronok (D)
  9 shadow dragons (D)
  2 sphinxes (D)
  6 storm dragons (D)
  3 draconian monks (D)
  Ilsuiw (D)
  A frost giant (D)
  4 greater nagas (D)
  A draconian knight (D)
  6 vault wardens (D)
  Louise (D)
  A draconian scorcher (D)
  2 ghost moths (D)
  2 emperor scorpions (D)
  3 draconian annihilators (D)
  3 ironheart preservers (D)
  2 very ugly things (D)
  5 stone giants (D)
  2 green draconians (D)
  A vampire knight (D)
  3 white draconians (D)
  3 yellow draconians (D)
  2 red draconians (D)
  3 purple draconians (D)
  2 mottled draconians (D)
  2 merfolk javelineers (D)
  A fire dragon (D)
  An ettin (D)
  25 vault guards (D)
  5 merfolk impalers (D)
  4 great orbs of eyes (D)
  5 ice dragons (D)
  Josephine (D)
  A great orb of eyes (shapeshifter) (D)
  2 yaktaur captains (D)
  2 rakshasas (D)
  6 hydras (D)
  An entropy weaver (D)
  2 spriggan air magi (D)
  6 naga warriors (D)
  Erica (D)
  3 centaur warriors (D)
  5 merfolk aquamancers (D)
  3 ogre magi (D)
  An alligator (D)
  A tengu warrior (D)
  A fire crab (D)
  3 hell knights (D)
  2 wizards (D)
  A sea snake (D)
  2 ironbrand convokers (D)
  6 swamp dragons (D)
  2 necromancers (D)
  4 hill giants (D)
  A harpy (shapeshifter) (D)
  A lindwurm (shapeshifter) (D)
  A hornet (D)
  2 deep elf magi (D)
  A manticore (D)
  9 orc knights (D)
  A harpy (D)
  2 cyclopes (D)
  2 griffons (D)
  An orb spider (D)
  2 ugly things (D)
  6 wolf spiders (D)
  2 orc sorcerers (D)
  8 moths of wrath (D)
  A siren (D)
  A vault sentinel (D)
  Psyche (D)
  4 black mambas (D)
  4 naga magi (D)
  A gargoyle (D)
  A torpor snail (shapeshifter) (D)
  4 guardian serpents (D)
  6 spiny frogs (D)
  7 demonic crawlers (D)
  A komodo dragon (shapeshifter) (D)
  2 merfolk (D)
  3 jumping spiders (D)
  5 giant leeches (D)
  A two-headed ogre (D)
  A wind drake (D)
  2 snapping turtles (D)
  3 bog bodies (D)
  2 slime creatures (D)
  A tarantella (D)
  3 wraiths (D)
  2 redbacks (D)
  2 wyverns (D)
  A vampire (D)
  A tarantella (shapeshifter) (D)
  A yak (D)
  2 hippogriffs (D)
  4 vampire mosquitoes (D)
  A wolf (D)
  An insubstantial wisp (D)
  2 porcupines (D)
  2 water moccasins (D)
  19 orc warriors (D)
  2 swamp drakes (D)
  An eye of draining (D)
  2 boggarts (D)
  A necrophage (D)
  2 centaurs (D)
  5 giant frogs (D)
  2 crimson imps (D)
  3 orc priests (D)
  A worker ant (D)
  An iguana (D)
  An orc wizard (D)
  A sheep (D)
  2 river rats (D)
  A shadow imp (D)
  3 adder zombies (D)
  A worm (D)
  An adder simulacrum (D)
  A giant gecko (D)
  7 orcs (D)
  A bat skeleton (D)
  A hobgoblin (D)
  A giant cockroach zombie (D)
  2 kobolds (D)
  A rat (D)
377 creatures vanquished.

Vanquished Creatures (others)
  Margery (D)
  An electric golem (D)
  A spatial maelstrom (D)
3 creatures vanquished.

Grand Total: 380 creatures vanquished

Notes
Turn   | Place    | Note
--------------------------------------------------------------
     0 | D        | ahoge the Gargoyle Fighter began the quest for the Orb.
     0 | D        | Reached XP level 1. HP: 14/14 MP: 1/1
     1 | D        | Banished a spatial maelstrom
     9 | D        | Banished a spatial maelstrom
    32 | D        | Reached skill level 4 in Shields
   312 | D        | Noticed a crimson imp
   312 | D        | Noticed a necrophage
   312 | D        | Noticed a worker ant
   315 | D        | Reached XP level 2. HP: 16/20 MP: 2/2
   324 | D        | Killed a necrophage
   324 | D        | Reached skill level 5 in Fighting
   324 | D        | Reached skill level 5 in Armour
   324 | D        | Reached skill level 1 in Dodging
   324 | D        | Reached skill level 6 in Shields
   324 | D        | Reached XP level 3. HP: 13/27 MP: 3/3
   324 | D        | Reached XP level 4. HP: 15/32 MP: 4/4
   337 | D        | Reached XP level 5. HP: 10/36 MP: 5/5
   356 | D        | Reached skill level 7 in Shields
   576 | D        | Found a glowing silver altar of Zin.
   576 | D        | Found a glowing golden altar of the Shining One.
   576 | D        | Found an ancient bone altar of Kikubaaqudgha.
   576 | D        | Found a basalt altar of Yredelemnul.
   576 | D        | Found a shimmering altar of Xom.
   576 | D        | Found a radiant altar of Vehumet.
   577 | D        | Found an iron altar of Okawaru.
   578 | D        | Found a burning altar of Makhleb.
   579 | D        | Found a deep blue altar of Sif Muna.
   580 | D        | Found a bloodstained altar of Trog.
   581 | D        | Found a sparkling altar of Nemelex Xobeh.
   582 | D        | Found a white marble altar of Elyvilon.
   583 | D        | Found a roughly hewn altar of Beogh.
   584 | D        | Found a viscous altar of Jiyva.
   585 | D        | Found a corrupted altar of Lugonu.
   586 | D        | Found a blossoming altar of Fedhas.
   587 | D        | Found a snail-covered altar of Cheibriados.
   588 | D        | Found a shadowy altar of Dithmenos.
   589 | D        | Found a stormy altar of Qazlal.
   590 | D        | Found an opulent altar of Gozag.
   591 | D        | Found a sacrificial altar of Ru.
   592 | D        | Found an oddly glowing altar of Pakellas.
   648 | D        | Became a worshipper of Warmaster Okawaru
   710 | D        | Noticed an eye of draining
   710 | D        | Noticed an orc warrior
   710 | D        | Noticed a two-headed ogre
   723 | D        | Killed an eye of draining
   723 | D        | Reached skill level 5 in Maces & Flails
   723 | D        | Reached skill level 8 in Shields
   723 | D        | Reached XP level 6. HP: 40/44 MP: 0/6
   729 | D        | Killed an orc warrior
   729 | D        | Reached * piety under Okawaru
   729 | D        | Reached skill level 9 in Shields
   732 | D        | Reached XP level 7. HP: 46/49 MP: 2/7
   733 | D        | Killed a two-headed ogre
   733 | D        | Reached skill level 1 in Stealth
   744 | D        | Noticed a hill giant
   744 | D        | Noticed a wyvern
   744 | D        | Noticed a centaur warrior
   744 | D        | Noticed a cyan ugly thing
   751 | D        | Killed a hill giant
   751 | D        | Reached ** piety under Okawaru
   751 | D        | Reached skill level 5 in Dodging
   751 | D        | Reached skill level 10 in Shields
   751 | D        | Reached XP level 8. HP: 37/56 MP: 4/8
   755 | D        | Killed a wyvern
   761 | D        | Killed a centaur warrior
   761 | D        | Reached *** piety under Okawaru
   761 | D        | Reached skill level 10 in Fighting
   761 | D        | Reached skill level 10 in Armour
   761 | D        | Reached skill level 11 in Shields
   761 | D        | Reached XP level 9. HP: 22/63 MP: 5/9
   765 | D        | Killed a cyan ugly thing
   765 | D        | Reached skill level 10 in Maces & Flails
   770 | D        | Reached **** piety under Okawaru
   989 | D        | Noticed a spiny frog
   989 | D        | Noticed a spiny frog
   989 | D        | Noticed a spiny frog
   994 | D        | Killed a spiny frog
   995 | D        | Reached skill level 12 in Shields
   999 | D        | Killed a spiny frog
   999 | D        | Reached skill level 1 in Invocations
  1009 | D        | Killed a spiny frog
  1009 | D        | Reached ***** piety under Okawaru
  1009 | D        | Reached XP level 10. HP: 71/71 MP: 8/11
  1047 | D        | Noticed a spiny frog
  1048 | D        | Noticed a six-headed hydra
  1058 | D        | Killed a spiny frog
  1058 | D        | Received a gift from Okawaru
  1069 | D        | Killed a six-headed hydra
  1069 | D        | Reached skill level 13 in Shields
  1411 | D        | Noticed Psyche
  1418 | D        | Killed Psyche
  1418 | D        | Reached skill level 5 in Invocations
  1418 | D        | Reached XP level 11. HP: 78/78 MP: 12/14
  1427 | D        | Noticed Gastronok
  1444 | D        | Killed Gastronok
  1444 | D        | Reached skill level 14 in Maces & Flails
  1499 | D        | Noticed an orc sorcerer
  1513 | D        | Killed an orc sorcerer
  1584 | D        | Noticed an orc knight
  1584 | D        | Noticed an orc sorcerer
  1590 | D        | Noticed an orc knight
  1601 | D        | Killed an orc knight
  1611 | D        | Killed an orc sorcerer
  1611 | D        | Reached skill level 15 in Maces & Flails
  1619 | D        | Killed an orc knight
  1708 | D        | Found Hocumep's General Store.
  1708 | D        | Noticed an orc knight
  1708 | D        | Noticed an orc knight
  1708 | D        | Noticed an orc knight
  1713 | D        | Noticed an orc knight
  1723 | D        | Killed an orc knight
  1729 | D        | Killed an orc knight
  1733 | D        | Noticed an orc knight
  1736 | D        | Killed an orc knight
  1737 | D        | Found Gulirch's Assorted Antiques.
  1743 | D        | Reached skill level 10 in Invocations
  1763 | D        | Killed an orc knight
  1763 | D        | Reached XP level 12. HP: 27/86 MP: 14/19
  1764 | D        | Found Xownariso's Distillery.
  1777 | D        | Reached skill level 16 in Maces & Flails
  1783 | D        | Found Uxuig's Jewellery Shoppe.
  1836 | D        | Reached skill level 15 in Fighting
  1865 | D        | Bought a potion of heal wounds for 70 gold pieces
  1865 | D        | Bought a potion of agility for 56 gold pieces
  1865 | D        | Bought a potion of might for 56 gold pieces
  1988 | D        | Bought the cursed necklace of Bloodlust {*Rage +Rage MR+ Str+2 Int-2 Slay+3 *Curse} for 781 gold pieces
  2013 | D        | Noticed Josephine
  2019 | D        | Killed Josephine
  2209 | D        | Received a gift from Okawaru
  2214 | D        | Noticed a frost giant
  2220 | D        | Noticed an entropy weaver
  2230 | D        | Killed a frost giant
  2235 | D        | Noticed a tengu warrior
  2236 | D        | Noticed a stone giant
  2240 | D        | Noticed an ogre mage
  2243 | D        | Noticed a great orb of eyes
  2245 | D        | Killed an entropy weaver
  2245 | D        | Reached skill level 17 in Maces & Flails
  2249 | D        | Killed a stone giant
  2257 | D        | Killed a tengu warrior
  2257 | D        | Reached ****** piety under Okawaru
  2261 | D        | Killed an ogre mage
  2265 | D        | Killed a great orb of eyes
  2285 | D        | Got a steaming demon blade {god gift}
  2321 | D        | Noticed Erica
  2330 | D        | Killed Erica
  2330 | D        | Reached skill level 15 in Shields
  2410 | D        | Received a gift from Okawaru
  2411 | D        | Reached XP level 13. HP: 94/94 MP: 14/22
  2430 | D        | Reached skill level 18 in Maces & Flails
  2461 | D        | Noticed a greater naga
  2473 | D        | Killed a greater naga
  2527 | D        | Received a gift from Okawaru
  2616 | D        | Reached skill level 19 in Maces & Flails
  2620 | D        | Reached skill level 10 in Dodging
  2626 | D        | Reached skill level 5 in Stealth
  2802 | D        | Noticed a great orb of eyes
  2802 | D        | Noticed a stone giant
  2802 | D        | Noticed a stone giant
  2813 | D        | Killed a great orb of eyes
  2814 | D        | Noticed a yaktaur captain
  2818 | D        | Killed a stone giant
  2819 | D        | Noticed a yaktaur captain
  2822 | D        | Noticed a vampire knight
  2830 | D        | Killed a stone giant
  2836 | D        | Noticed a stone giant
  2842 | D        | Killed a vampire knight
  2842 | D        | Received a gift from Okawaru
  2842 | D        | Gained mutation: Your large and strong wings let you fly indefinitely. [Gargoyle growth]
  2842 | D        | Reached XP level 14. HP: 79/103 MP: 16/24
  2868 | D        | Reached skill level 20 in Maces & Flails
  2893 | D        | Killed a stone giant
  2894 | D        | Noticed a purple very ugly thing
  2898 | D        | Noticed a purple very ugly thing
  2911 | D        | Killed a purple very ugly thing
  2919 | D        | Received a gift from Okawaru
  3012 | D        | Noticed an ironheart preserver
  3018 | D        | Noticed a vault warden
  3031 | D        | Killed an ironheart preserver
  3033 | D        | Noticed an ironheart preserver
  3051 | D        | Killed a vault warden
  3051 | D        | Reached skill level 21 in Maces & Flails
  3061 | D        | Killed an ironheart preserver
  3071 | D        | Noticed a sphinx
  3090 | D        | Killed a sphinx
  3091 | D        | Noticed a sphinx
  3092 | D        | Noticed a vault warden
  3093 | D        | Noticed a vault warden
  3100 | D        | Killed a sphinx
  3113 | D        | Killed a vault warden
  3113 | D        | Received a gift from Okawaru
  3113 | D        | Reached skill level 15 in Invocations
  3118 | D        | Killed a vault warden
  3118 | D        | Reached skill level 22 in Maces & Flails
  3118 | D        | Reached XP level 15. HP: 71/112 MP: 23/26
  3165 | D        | Gained mutation: You are dopey. (Int -2) [mutagenic meat]
  3166 | D        | Gained mutation: You have sharp toenails. [mutagenic meat]
  3167 | D        | Gained mutation: Armour fits poorly on your strangely shaped body. [mutagenic meat]
  3168 | D        | Gained mutation: You are partially covered in thin metallic scales (AC +2). [mutagenic meat]
  3170 | D        | Gained mutation: You possess an exceptional clarity of mind. [mutagenic meat]
  3171 | D        | Gained mutation: You have a pair of small horns on your head. [mutagenic meat]
  3337 | D        | Got the +1 demon whip of the Lamprey {elec, rPois Dex+3}
  3381 | D        | Lost mutation: You have a pair of small horns on your head. [potion of cure mutation]
  3381 | D        | Lost mutation: Armour fits poorly on your strangely shaped body. [potion of cure mutation]
  3381 | D        | Lost mutation: You are dopey. (Int -2) [potion of cure mutation]
  3381 | D        | Lost mutation: You possess an exceptional clarity of mind. [potion of cure mutation]
  3381 | D        | Lost mutation: You are partially covered in thin metallic scales (AC +2). [potion of cure mutation]
  3394 | D        | Got the +0 helmet "Ged Leb" {rF+}
  3456 | D        | Noticed Louise
  3469 | D        | Killed Louise
  3567 | D        | Noticed a greater naga
  3570 | D        | Noticed a greater naga
  3591 | D        | Noticed a greater naga
  3602 | D        | Killed a greater naga
  3610 | D        | Killed a greater naga
  3619 | D        | Killed a greater naga
  3624 | D        | Received a gift from Okawaru
  3655 | D        | Reached skill level 23 in Maces & Flails
  3659 | D        | Got a serpentine rune of Zot
  3687 | D        | Gained mutation: Your body sometimes deteriorates upon taking damage. [mutagenic meat]
  3688 | D        | Gained mutation: You are weak. (Str -2) [mutagenic meat]
  3689 | D        | Gained mutation: You are robust (+10% HP). [mutagenic meat]
  3690 | D        | Gained mutation: Your body often deteriorates upon taking damage. [mutagenic meat]
  3691 | D        | Lost mutation: Your body often deteriorates upon taking damage. [mutagenic meat]
  3692 | D        | Gained mutation: You possess an exceptional clarity of mind. [mutagenic meat]
  3693 | D        | Gained mutation: Scrolls take you a little longer to read. [mutagenic meat]
  3695 | D        | Lost mutation: You are robust (+10% HP). [mutagenic meat]
  3790 | D        | Got a decaying rune of Zot
  3826 | D        | Noticed an emperor scorpion
  3833 | D        | Noticed a ghost moth
  3872 | D        | Killed an emperor scorpion
  3884 | D        | Killed a ghost moth
  3885 | D        | Noticed an emperor scorpion
  3905 | D        | Killed an emperor scorpion
  3918 | D        | Got a gossamer rune of Zot
  3940 | D        | Gained mutation: You are clumsy. (Dex -2) [mutagenic meat]
  3941 | D        | Gained mutation: You have a pair of small horns on your head. [mutagenic meat]
  3943 | D        | Gained mutation: You are partially covered in icy blue scales (AC +1). [mutagenic meat]
  3958 | D        | Noticed Ilsuiw
  3990 | D        | Killed Ilsuiw
  3990 | D        | Received a gift from Okawaru
  4002 | D        | Reached skill level 24 in Maces & Flails
  4024 | D        | Reached XP level 16. HP: 72/121 MP: 8/28
  4070 | D        | Got a barnacled rune of Zot
  4120 | D        | Noticed Margery
  4120 | D        | Noticed Mara
  4152 | D        | Killed Margery
  4152 | D        | Reached skill level 15 in Dodging
  4160 | D        | Killed Mara
  4160 | D        | Reached skill level 25 in Maces & Flails
  4608 | D        | Received a gift from Okawaru
  4675 | D        | Reached skill level 26 in Maces & Flails
  4754 | D        | Received a gift from Okawaru
  4759 | D        | Got a translucent chain mail {god gift}
  4805 | D        | Identified the +11 demon blade of Death's Door {freeze, Int+6} (Okawaru gifted it to you in the Dungeon)
  4829 | D        | Identified the +5 chain mail "Oqese" {rElec rPois rN+ Regen+} (Okawaru gifted it to you in the Dungeon)
  4861 | D        | Noticed a golden dragon
  4898 | D        | Noticed a shadow dragon
  4898 | D        | Killed a golden dragon
  4898 | D        | Reached XP level 17. HP: 118/129 MP: 30/30
  4920 | D        | Reached skill level 27 in Maces & Flails
  5024 | D        | Gained mutation: You have razor-sharp toenails. [mutagenic meat]
  5025 | D        | Gained mutation: Your magical capacity is low (-10% MP). [mutagenic meat]
  5045 | D        | Lost mutation: You have razor-sharp toenails. [mutagenic meat]
  5047 | D        | Gained mutation: Your flesh is heat resistant. [mutagenic meat]
  5048 | D        | Gained mutation: Your spells are a little easier to cast, but a little less powerful. [mutagenic meat]
  5192 | D        | Got a silver rune of Zot
  5195 | D        | Got a scorched garnet amulet
  5264 | D        | Noticed Boris
  5305 | D        | Noticed Frederick
  5328 | D        | Killed Frederick
  5388 | D        | Identified the amulet of Moiptoeq {*Corrode rN+ Regen+ Int+4 Dex+2} (You found it in the Dungeon)
  5400 | D        | Got the ring "Zeuno" {Fire +Inv rPois Str-3 Slay+2}
  5402 | D        | Got the ring of Devotion {rN+ AC+3}
  5404 | D        | Got the amulet "Ogytseeg" {Spirit rF++}
  5406 | D        | Got the ring "Zuith" {rF- MR+ MP+9 Slay+2}
  5408 | D        | Got the amulet "Ellelup" {Dismiss Dex+2}
  5419 | D        | Got the +5 great mace of the Horn {crush, rC+ Str+4 Int-5}
  5423 | D        | Got the +5 demon whip of Ashenzari's Approval {flame, *Corrode +Inv Str+6}
  5430 | D        | Got the +3 shadow dragon armour "Dane" {-Tele MR- rCorr MP+9 Stlth++++}
  5454 | D        | Got the +0 gold dragon armour of the Centipede {rPois rF+ rC+ MP+9 Dex+5}
  5604 | D        | Noticed Mennas
  5657 | D        | Killed Mennas
  5697 | D        | Noticed Xtahua
  5708 | D        | Killed Xtahua
  5742 | D        | Reached skill level 1 in Axes
  5773 | D        | Gained mutation: You are robust (+10% HP). [mutagenic meat]
  5774 | D        | Lost mutation: You are clumsy. (Dex -2) [mutagenic meat]
  5797 | D        | Noticed a bone dragon
  5821 | D        | Killed a bone dragon
  5846 | D        | Reached skill level 5 in Axes
  5879 | D        | Received a gift from Okawaru
  5879 | D        | Reached XP level 18. HP: 123/155 MP: 29/29
  5978 | D        | Reached skill level 10 in Axes
  6023 | D        | Noticed a golden dragon
  6058 | D        | Killed a golden dragon
  6062 | D        | Received a gift from Okawaru
  6109 | D        | Noticed a curse toe
  6109 | D        | Noticed a golden dragon
  6110 | D        | Noticed an electric golem
  6114 | D        | Killed a curse toe
  6128 | D        | Killed an electric golem
  6134 | D        | Killed a golden dragon
  6140 | D        | Reached skill level 10 in Stealth
  6149 | D        | Reached skill level 27 in Fighting
  6149 | D        | Reached skill level 15 in Axes
  6196 | D        | Noticed a tentacled monstrosity
  6196 | D        | Noticed a golden dragon
  6197 | D        | Noticed a tentacled monstrosity
  6204 | D        | Killed a tentacled monstrosity
  6216 | D        | Killed a golden dragon
  6230 | D        | Killed a tentacled monstrosity
  6356 | D        | Noticed an Orb Guardian
  6356 | D        | Noticed an Orb Guardian
  6356 | D        | Noticed an Orb Guardian
  6356 | D        | Noticed an Orb Guardian
  6356 | D        | Noticed an Orb Guardian
  6356 | D        | Noticed an Orb Guardian
  6363 | D        | Killed an Orb Guardian
  6372 | D        | Killed an Orb Guardian
  6372 | D        | Received a gift from Okawaru
  6379 | D        | Killed an Orb Guardian
  6379 | D        | Reached XP level 19. HP: 160/166 MP: 31/31
  6384 | D        | Reached skill level 27 in Shields
  6397 | D        | Reached skill level 15 in Armour
  6422 | D        | Received a gift from Okawaru
  6549 | D        | Noticed an ancient lich
  6556 | D        | Killed an ancient lich
  6558 | D        | Noticed an orb of fire
  6570 | D        | Killed an orb of fire
  6641 | D        | Noticed an electric golem
  6652 | D        | Killed an electric golem
  6654 | D        | Noticed a tentacled monstrosity
  6654 | D        | Noticed a Killer Klown
  6657 | D        | Noticed an orb of fire
  6665 | D        | Killed a tentacled monstrosity
  6670 | D        | Received a gift from Okawaru
  6678 | D        | Killed a Killer Klown
  6680 | D        | Noticed an orb of fire
  6696 | D        | Noticed an orb of fire
  6710 | D        | Noticed an ancient lich
  6710 | D        | Killed an orb of fire
  6710 | D        | Reached XP level 20. HP: 62/172 MP: 7/33
  6711 | D        | Noticed an electric golem
  6712 | D        | HP: 6/172 [orb of fire/fireball (47)]
  6714 | D        | Killed from afar by an orb of fire

Vault maps used:
D:        linesprint

Action                   |  1- 3 |  4- 6 |  7- 9 | 10-12 | 13-15 | 16-18 | 19-21 || total
-------------------------+-------+-------+-------+-------+-------+-------+-------++-------
Melee: Flail             |    41 |    22 |       |       |       |       |       ||    63
       Morningstar       |       |    21 |    39 |   350 |   339 |       |       ||   749
       Demon whip        |       |       |       |       |   297 |   547 |       ||   844
       Broad axe         |       |       |       |       |       |   374 |   155 ||   529
Invok: Heroism           |       |       |     2 |    12 |    11 |    15 |     4 ||    44
       Finesse           |       |       |       |    12 |    12 |    15 |     4 ||    43
 Abil: Fly               |       |       |       |       |     1 |       |       ||     1
  Use: Potion            |       |     1 |     3 |     5 |     6 |     4 |     1 ||    20
       Scroll            |       |       |       |       |       |     3 |       ||     3
 Stab: Sleeping          |       |       |       |     1 |     2 |     2 |     5 ||    10
       Distracted        |       |       |       |       |     1 |     1 |       ||     2
  Eat: Chunk             |       |       |     1 |     8 |    32 |    18 |     2 ||    61
       Fruit             |       |       |       |     2 |     1 |     3 |       ||     6
